 Dungeon Crawl Stone Soup version 0.29.1-15-g9cfb28693d (webtiles) character file.

Game seed: 260259091950532897

690 sizableburger the Cudgeller (level 7, -3/37 HPs)
             Began as a Vine Stalker Cinder Acolyte on Apr 4, 2023.
             Was a High Priest of Ignis.
             Killed by divine providence
             ... invoked by an orc priest
              (7 damage)
             ... on level 5 of the Dungeon.
             The game lasted 00:10:57 (4243 turns).

sizableburger the Cudgeller (VSCA)                  Turns: 4243, Time: 00:10:58

Health: -3/37      AC: 18    Str: 18    XL:     7   Next: 63%
Magic:  0/9        EV:  5    Int: 17    God:    Ignis [*****.]
Gold:   278        SH:  0    Dex: 10    Spells: 8/8 levels left

rFire   + . .      SeeInvis .   j - +2 whip (elec)
rCold   . . .      Faith    .   (no shield)
rNeg    . . .      Spirit   +   q - +0 plate armour
rPois   .          Reflect  .   (no helmet)
rElec   +          Harm     .   m - scarf {+Inv}
rCorr   .          Rampage  .   (no gloves)
Will    .....                   (no boots)
Stlth   ..........              a - amulet "Zerigi" {RegenMP rElec Will- Int+3}
HPRegen 0.92/turn               (no ring)
MPRegen 0.51/turn               (no ring)

@: attractive, fiery-armoured
A: fangs 2, regeneration 1, magic shield, antimagic bite, no potion heal 2
a: Renounce Religion, Evoke Invisibility, Fiery Armour, Foxfire Swarm, Rising
Flame


You were on level 5 of the Dungeon.
You worshipped Ignis.
Ignis was extremely pleased with you.
You visited 1 branch of the dungeon, and saw 5 of its levels.

You collected 278 gold pieces.

Inventory:

Hand Weapons
 j - a +2 whip of electrocution (weapon)
Missiles
 i - 5 curare-tipped darts (quivered)
Armour
 m - a scarf of invisibility (worn)
 q - a +0 plate armour (worn)
Jewellery
 a - the amulet "Zerigi" (around neck) {RegenMP rElec Will- Int+3}
   (You acquired it on level 5 of the Dungeon)

   [amulet of magic regeneration]

   It increases your rate of magic regeneration.
   Int:       It affects your intelligence (+3).
   rElec:     It insulates you from electricity.
   Will:      It decreases your willpower.
Wands
 r - a wand of flame (11)
Scrolls
 d - a scroll of blinking
 v - a scroll of teleportation
Potions
 g - a potion of might
 h - a potion of degeneration {unknown}
 n - a potion of attraction
 u - a potion of curing {unknown}
 w - a potion of lignification {unknown}


   Skills:
 - Level 4.0 Fighting
 + Level 4.8 Maces & Flails
 + Level 3.6 Armour
 - Level 3.4 Unarmed Combat
 - Level 1.1 Spellcasting
 - Level 3.0 Fire Magic


You had 8 spell levels left.
You didn't know any spells.
Your spell library contained the following spells:

 Spells                   Type           Power      Damage    Failure   Level
 Scorch                   Fire           22%        2d6       98%         2


Dungeon Overview and Level Annotations

Branches:
Dungeon (5/15)             Temple (0/1) D:5

Altars:
Ashenzari


Innate Abilities, Weirdness & Mutations

You have extremely sharp teeth.
Your natural rate of healing is unusually fast.
When hurt, damage is shared between your health and your magic reserves.
Your bite disrupts and absorbs the magic of your enemies.
Potions cannot restore your health.


Message History

* * * LOW HITPOINT WARNING * * *
The quokka bites you but does no damage.
The quokka is burned by your cloak of flames.
You kill the quokka!
Really quaff the potion of attraction?
You feel attractive to monsters. The grasping roots constrict you!
* * * LOW HITPOINT WARNING * * *
The grasping roots release their grip on you.
Okay, then.
Okay, then.
Okay, then.
You hit the necrophage. You bite the necrophage. You drain its power.
You feel invigorated.
The necrophage is moderately damaged.
You feel your willpower return.
The necrophage hits you but does no damage.
The necrophage is burned by your cloak of flames.
The necrophage is heavily damaged.
You closely miss the necrophage.
The necrophage is heavily damaged.
The necrophage hits you.
* * * LOW HITPOINT WARNING * * *
You feel drained.
The necrophage is burned by your cloak of flames.
The necrophage is severely damaged.
You hit the necrophage. You bite the necrophage. You drain its power.
You feel invigorated.
The necrophage is almost destroyed.
An orc priest comes into view. It is wielding a +0 hand axe.
The necrophage hits you.
* * * LOW HITPOINT WARNING * * *
The necrophage is burned by your cloak of flames.
You destroy the necrophage!
Your life force feels restored.
You closely miss the kobold brigand. You punch the kobold brigand.
The kobold brigand is almost dead.
The orc priest mumbles some strange prayers to Beogh against you.
Beogh smites you!
You die...

##### #...# #...# ####...####
#....b....##
**#############..[..[..)..
********,.......@K†.)..).......#.
*,>,,,,,,#########o)#####.......#
*,******** ****#..#####...####.
*** *,,........>..<..... *,**
*,......##.######...
,*,**********#..##..###.* #..#
***,**,,,,,,,..(*#..#*#,** #..#
,***,********##,*#..#*,,,** #..#
,**,,,* *,**,,*,*,*,** #..#


You could see a kobold brigand and an orc priest.

Vanquished Creatures
  Edmund (D:4)
  2 kobold brigands (D:5)
  Blork the orc (D:4)
  A necrophage (D:5)
  A hound (D:5)
  A jelly (D:5)
  An orc priest (D:3)
  An iguana (D:4)
  Ijyb (D:3)
  3 gnolls (D:5)
  3 adders
  A worm (D:2)
  7 dart slugs
  6 orcs
  11 endoplasms
  4 giant cockroaches
  8 hobgoblins
  5 jackals (D:4)
  5 quokkas
  5 ball pythons
  5 bats
  4 frilled lizards
  5 goblins
  7 kobolds
  4 rats
93 creatures vanquished.

Notes
Turn   | Place    | Note
-------+----------+-------------------------------------------
     0 | D:1      | sizableburger the Vine Stalker Cinder Acolyte began the
                  | quest for the Orb.
     0 | D:1      | Reached XP level 1. HP: 11/11 MP: 3/3
   453 | D:1      | Reached XP level 2. HP: 9/16 MP: 4/4
   585 | D:1      | Learned a level 2 spell: Scorch
   810 | D:1      | Found a faded altar of an unknown god.
  1558 | D:2      | Reached XP level 3. HP: 18/20 MP: 3/5
  1667 | D:2      | Reached skill level 1 in Maces & Flails
  1967 | D:2      | Gained mutation: Your natural rate of healing is unusually
                  | fast. [Vine Stalker growth]
  1967 | D:2      | Reached XP level 4. HP: 22/24 MP: 4/6
  2705 | D:3      | Noticed Ijyb
  2713 | D:3      | Killed Ijyb
  2714 | D:3      | Reached XP level 5. HP: 29/29 MP: 7/7
  3261 | D:4      | Found a broken altar of Ashenzari.
  3283 | D:4      | Reached skill level 1 in Armour
  3352 | D:4      | Noticed Blork the orc
  3364 | D:4      | Killed Blork the orc
  3365 | D:4      | Reached XP level 6. HP: 25/33 MP: 5/8
  3502 | D:4      | Noticed Edmund
  3513 | D:4      | Killed Edmund
  4029 | D:5      | Entered Level 5 of the Dungeon
  4033 | D:5      | Identified the +0 ring mail of a wizard's laboratory {rElec
                  | Str-4 Int+5 Slay+2}
  4099 | D:5      | Reached XP level 7. HP: 37/37 MP: 9/9
  4140 | D:5      | Found the +7 Throatcutter {drain, coup de grace}
  4140 | D:5      | Noticed a kobold demonologist
  4141 | D:5      | Noticed a chaos spawn
  4144 | D:5      | Noticed a sun demon
  4145 | D:5      | Noticed a rust devil
  4185 | D:5      | Identified a scroll of acquirement
  4185 | D:5      | Acquired the amulet "Zerigi" {RegenMP rElec Will- Int+3}
  4243 | D:5      | Killed from afar by an orc priest

Illustrated notes

Levels and vault maps discovered:
D:1:      dpeg_arrival_rhombus, layout_basic, ebering_ecumenical_altar_webs
D:2:      layout_basic, minmay_misc_feat_doors, minmay_tripent
D:3:      layout_loops_ring, uniq_ijyb
D:4:      layout_cave_pods, nicolae_ashenzari_skybound, uniq_edmund,
          uniq_blork_the_orc
D:5:      layout_loops_ring, minmay_temple_entry_butterflies, amethyst_killhole,
          dilly_guarded_unrand_throatcut

Skill      XL: |  1  2  3  4  5  6  7 |
---------------+----------------------+-----
Fighting       | 3 4 |  4.0
Maces & Flails | 1 2 3 4 |  4.8
Armour         | 1 2 3 |  3.6
Unarmed Combat | |  3.4
Spellcasting   | |  1.1
Fire Magic     | |  3.0

Action                   |  1- 3 |  4- 6 |  7- 9 || total
-------------------------+-------+-------+-------++-------
Melee: Unarmed           |    35 |       |       ||    35
       Bite              |    14 |    39 |     7 ||    60
       Punch             |     2 |     4 |     1 ||     7
       Whip              |    53 |   153 |    28 ||   234
Throw: Dart              |       |     1 |       ||     1
 Cast: Scorch            |     1 |       |       ||     1
Invok: Fiery Armour      |       |       |     1 ||     1
Evoke: Wand              |       |     3 |       ||     3
  Use: Scroll            |       |       |    16 ||    16
       Potion            |       |       |     1 ||     1
 Stab: Sleeping          |     1 |       |       ||     1
Armor: Robe              |     7 |       |       ||     7
       Scale mail        |    20 |     6 |       ||    26
       Plate armour      |       |    65 |    19 ||    84
Dodge: Dodged            |    45 |    33 |     6 ||    84
